 Dungeon Crawl Stone Soup version 0.23.2-40-g277498a001 (webtiles) character file.

Game seed: 1626675962080473857

51 FishyPogo the Chopper (level 3, 0/30 HPs)
             Began as a Centaur Gladiator on Aug 17, 2019.
             Was an Initiate of the Shining One.
             Succumbed to an adder's poison
             ... on level 2 of the Dungeon.
             The game lasted 00:04:52 (1396 turns).

FishyPogo the Chopper (Centaur Gladiator)           Turns: 1396, Time: 00:04:52

Health: 0/30       AC:  6    Str: 16    XL:     3   Next: 58%
Magic:  3/3        EV:  9    Int:  7    God:    the Shining One [......]
Gold:   90         SH:  5    Dex: 11    Spells: 2/2 levels left

rFire    . . .     SeeInvis .   a - +0 war axe
rCold    . . .     Gourm    .   l - +2 buckler
rNeg     . . .     Faith    .   b - +0 leather armour
rPois    .         Spirit   .   c - +0 helmet
rElec    .         Reflect  .   e - +0 cloak
rCorr    .         Harm     .   (no gloves)
MR       .....                  (no barding)
Stlth    +.........             (no amulet)
HPRegen  0.10/turn              (no ring)
MPRegen  0.08/turn              (no ring)

@: lethally poisoned (0 -> -11), very slightly contaminated, glowing, very quick
A: large, hooves 3, deformed body, speed 2, tough skin 3
a: Renounce Religion


You were on level 2 of the Dungeon.
You worshipped the Shining One.
The Shining One was noncommittal.
You were not hungry.

You visited 1 branch of the dungeon, and saw 2 of its levels.

You collected 90 gold pieces.

Inventory:

Hand Weapons
 a - a +0 war axe (weapon)
Missiles
 d - 3 throwing nets (quivered)
 k - 3 stones
Armour
 b - a +0 leather armour (worn)
 c - a +0 helmet (worn)
 e - a +0 cloak (worn)
 l - a +2 buckler (worn)
Scrolls
 h - a scroll of identify
Potions
 j - a potion of cancellation
Comestibles
 f - 4 rations
 g - 2 chunks of flesh


   Skills:
 * Level 2.7 Fighting
 + Level 3.0 Axes
 + Level 2.6 Throwing
 - Level 2.3 Dodging
 * Level 1.0 Shields


You had 2 spell levels left.
You didn't know any spells.
Your spell library was empty.

Dungeon Overview and Level Annotations

Branches:
Dungeon (2/15)

Altars:
The Shining One

Annotations:
D:2 Terence


Innate Abilities, Weirdness & Mutations

You have hooves in place of feet.
Armour fits poorly on your strangely shaped body.
You cover ground very quickly.
You have extremely tough skin. (AC +3)


Message History

* * * LOW HITPOINT WARNING * * *
You feel sick. The adder bites you but does no damage.
The adder closely misses you.
You miss the adder.
The adder is severely wounded.
* * * LOW HITPOINT WARNING * * *
You feel sick. The adder bites you.
* * * LOW HITPOINT WARNING * * *
You slash the adder!
You kill the adder!
Your Shields skill increases to level 1!
* * * LOW HITPOINT WARNING * * *
You feel sick.
Blink to where?
Press: ? - help, Dir - move target cursor You are very lightly contaminated with residual magic.
As you read the scroll labeled ESTEH WAOK, it crumbles to dust.
It was a scroll of blinking.
A hobgoblin comes into view.
You die...

#...# ## #...#### g.. .#
######......####+#...
.###....................
.#..............#.......
.#..............#.......
##....###†......#.......
'..(....(§).............
###############.@....).... .
#..........####### .. #.
+....####..#...... ...
##.##....# #.......... ....
.......#.###.....<.... .....
.......+.............. ####..
. .......#.###.......... ..
......#..##..<...#
####......##+#....#'##......#


You could see a hobgoblin (sleeping).

Vanquished Creatures
  An adder (D:2)
  A leopard gecko (D:2)
  5 bats
  7 giant cockroaches (D:1)
  6 goblins
  4 hobgoblins
  A ball python (D:1)
  3 frilled lizards
  5 kobolds
  4 rats
37 creatures vanquished.

Notes
Turn   | Place    | Note
-------+----------+-------------------------------------------
     0 | D:1      | FishyPogo the Centaur Gladiator began the quest for the
                  | Orb.
     0 | D:1      | Reached XP level 1. HP: 17/17 MP: 1/1
   322 | D:1      | Reached XP level 2. HP: 22/24 MP: 2/2
   938 | D:1      | Reached skill level 3 in Axes
   938 | D:1      | Reached XP level 3. HP: 30/30 MP: 3/3
  1141 | D:2      | Found a glowing golden altar of the Shining One.
  1165 | D:2      | Became a worshipper of the Shining One
  1243 | D:2      | Noticed Terence
  1395 | D:2      | Reached skill level 1 in Shields
  1395 | D:2      | HP: 1/30 [poisoned by an adder]
  1396 | D:2      | Succumbed to an adder's poison

Skill      XL: |  1  2  3 |
---------------+----------+-----
Axes           | 3 |  3.0
Shields        | 1 |  1.0
Fighting       | |  2.7
Throwing       | |  2.6
Dodging        | |  2.3

Action                   || total
-------------------------++-------
Melee: War axe           ||   108
       Kick              ||    18
  Use: Scroll            ||     3
  Eat: Chunk             ||     1
Armor: Leather armour    ||    47
Dodge: Dodged            ||    74
Block: Buckler           ||     6
